Description

Easy reaper to 2xhellion. Expand, make tanks, ravens, vikings, expand. Profit....

VOD

https://www.youtube.com/watch?v=3ims7Uk-Sc0&t=0s

Replay - Beastyqt TvT Mech Build Order Guide

Build Order

Get SALT Encoding   

  12  0:00  SCV  
  13  0:13  SCV  
  14  0:17  Supply Depot  
  14  0:25  SCV  
  14  0:28  Refinery  
  15  0:38  SCV  
  16  0:46  Barracks  
  16  0:50  SCV  
  17  1:03  SCV  
  18  1:15  SCV  
  19  1:33  Orbital Command  
  19  1:34  Reaper  
  20  1:46  Command Center  
  20  1:59  SCV  
  21  2:01  Factory  
  21  2:06  Barracks Reactor  
  21  2:14  Supply Depot  
  21  2:15  SCV  
  22  2:21  Refinery  
  22  2:27  SCV  
  24  2:47  Starport  
  24  2:51  Hellion x2  
  29  2:58  Orbital Command  
  29  3:01  Barracks Tech Lab  
  30  3:12  Hellion x2  
  36  3:29  Viking  
  39  3:40  Supply Depot  
  42  3:41  Hellion x2  
  45  3:51  Supply Depot  
  46  4:02  Raven  
  48  4:03  Hellion  
  48  4:09  Supply Depot  
  52  4:11  Hellion  
  55  4:27  Hellion  
  59  4:33  Hellion  
  63  4:49  Viking  
  63  4:50  Barracks Tech Lab  
  71  5:01  Command Center  
  73  5:07  Refinery x2  
  78  5:22  Barracks Reactor  
  78  5:25  Factory x2  
  79  5:30  Viking  
  86  6:03  Armory x2  
  92  6:13  Siege Tank  
  92  6:18  Orbital Command  
  97  6:21  Siege Tank  
  100  6:30  Viking  
  104  6:36  Viking  
  113  6:49  Siege Tank x2  
  113  6:52  Terran Vehicle Weapons Level 1  
  119  6:54  Terran Vehicle And Ship Armor Level 1  
  119  6:58  Refinery x2  
  128  7:19  Viking x2  
  133  7:34  Siege Tank x2, Engineering Bay  
  146  7:50  Factory x2  
  146  7:53  Viking x2  
  151  8:00  Infernal Pre-Igniter  
  152  8:12  Siege Tank  
  159  8:21  Siege Tank, Command Center  
  162  8:34  Missile Turret  
  162  8:35  Sensor Tower  
  162  8:39  Hi-Sec Auto Tracking, Missile Turret x5  
  162  8:40  Sensor Tower  
  162  8:43  Factory Tech Lab, Factory Reactor  
  166  8:59  Siege Tank x2  
  174  9:02  Starport  
  174  9:08  Starport  
Spawning Tool Build Advisor. Get it on Overwolf

Go to:

Details

  • Created by: snowsoul_sc2
  • Published on: Dec 03, 2017
  • Modified on: Dec 03, 2017
  • Patch: 4.0.0
Show
View Real Time Build Order
Export as new Build Order

Comments (0)

There are no comments. Be the first!

Create an account to comment!